 Dungeon Crawl Stone Soup version 0.30-a0-748-ge6a52f7cba (webtiles) character file.

Game seed: 10980409241270110950

403 kingofthe the Sneak (level 6, -6/36 HPs)
             Began as an Octopode Conjurer on Feb 8, 2023.
             Mangled by a killer bee (10 damage)
             ... on level 3 of the Dungeon.
             The game lasted 00:08:21 (3877 turns).

kingofthe the Sneak (Octopode Conjurer)             Turns: 3877, Time: 00:08:22

Health: -6/36      AC:  1    Str:  7    XL:     6   Next: 86%
Magic:  9/11       EV: 14    Int: 20    God:
Gold:   168        SH:  0    Dex: 12    Spells: 8/12 levels left

rFire   . . .      SeeInvis .    a - +1 dagger (venom)
rCold   . . .      Faith    .    (no shield)
rNeg    + . .      Spirit   .    (helmet restricted)
rPois   .          Reflect  .    j - amulet of magic regeneration
rElec   .          Harm     .    g - ring of positive energy
rCorr   .          Rampage  .    (no ring)
Will    .....                    (no ring)
Stlth   ++++                     (no ring)
HPRegen 0.26/turn                (no ring)
MPRegen 0.52/turn                (no ring)
                                 (no ring)
                                 (no ring)

@: no status effects
A: almost no armour, amphibious, 8 rings, camouflage 1, gelatinous body 1,
(nimble swimmer 1), tentacles
a: no special abilities


You were on level 3 of the Dungeon.
You visited 1 branch of the dungeon, and saw 4 of its levels.

You collected 168 gold pieces.

Inventory:

Hand Weapons
 a - a +1 dagger of venom (weapon)
 b - a +0 dagger of electrocution
 h - a +3 flail
 s - a +3 short sword
Jewellery
 g - a ring of positive energy (left tentacle)
 j - an amulet of magic regeneration (around mantle)
Scrolls
 d - 4 scrolls of identify {unknown}
 f - a scroll of fog {unknown}
 n - 2 scrolls of vulnerability {unknown}
 o - 2 scrolls of teleportation {unknown}
 p - a scroll of noise {unknown}
 q - a scroll of enchant armour {unknown}
 r - a scroll of fear {unknown}
 t - 3 scrolls of magic mapping {unknown}
Potions
 c - 3 potions of curing
 e - a potion of heal wounds {unknown}
 i - a potion of degeneration {unknown}
 k - 3 potions of attraction {unknown}
 l - 2 potions of flight {unknown}
 m - a potion of magic
 u - a potion of brilliance {unknown}
 v - a potion of resistance {unknown}


   Skills:
 * Level 3.9 Dodging
 + Level 4.9 Stealth
 + Level 3.7 Spellcasting
 + Level 4.9 Conjurations
 + Level 1.8 Hexes


You had 8 spell levels left.
You knew the following spells:

 Your Spells              Type           Power      Damage    Failure   Level
a - Magic Dart            Conj           92%        1d7       1%          1
b - Searing Ray           Conj           46%        2d6       2%          2
c - Slow                  Hex            44%        N/A       6%          1

Your spell library contained the following spells:

 Spells                   Type           Power      Damage    Failure   Level
 Dazzling Flash           Conj/Hex       34%        N/A       10%         3
 Confusing Touch          Hex            11%        N/A       19%         3
 Fulminant Prism          Conj/Hex       8%         3d7       32%         4
 Vampiric Draining        Necr           3%         2d6       36%         3
 Iskenderun's Mystic Bla  Conj/Tloc      13%        2d5       43%         4


Dungeon Overview and Level Annotations

Branches:
Dungeon (4/15)
 Temple: D:4-7

Altars:
Hepliaklqana
Vehumet
The Shining One

Annotations:
D:3 1 runed translucent door, Crazy Yiuf


Innate Abilities, Weirdness & Mutations

You cannot wear most types of armour.
You are amphibious.
You can wear up to eight rings at the same time.
Your skin changes colour to match your surroundings (Stealth+).
Your rubbery body absorbs attacks. (AC +1, EV +1)
((You are camouflaged when in or above water. (Stealth+)))
You have tentacles for arms and can constrict up to eight enemies at once.


Message History

The killer bee stings you! The killer bee closely misses you.
The searing ray hits the killer bee!
You kill the killer bee!
You start resting.
Magic restored.
You start resting.
HP restored.
You climb downwards.
The killer bee misses you. The killer bee barely misses you.
The killer bee stings you!
You are poisoned.
The killer bee poisons you! The killer bee barely misses you.
The goblin barely misses you. The killer bee closely misses you.
The killer bee barely misses you.
There is a stone staircase leading up, spattered with blood here.
You feel very sick. The killer bee misses you.
The killer bee barely misses you. The goblin hits you with a +0 club.
The killer bee misses you. The killer bee stings you.
You climb upwards.
Level annotation: 1 runed translucent door, Crazy Yiuf You feel very sick.
There is a stone staircase leading down here.
It was a potion of curing.
You feel better.
The killer bee stings you but does no damage.
The killer bee misses you. The killer bee stings you!
* * * LOW HITPOINT WARNING * * *
The killer bee stings you.
* * * LOW HITPOINT WARNING * * *
Casting: Searing Ray (safe; 2% risk of failure)
Confirm with . or Enter, or press ? or * to list all spells.
Aiming: Searing Ray (safe; 2% risk of failure)
Press: ? - help, Shift-Dir - straight line, f - killer bee
Aim: a killer bee (55% to hit)
The searing ray hits the killer bee.
The killer bee is moderately wounded. (Press . to maintain the ray.)
The killer bee stings you.
* * * LOW HITPOINT WARNING * * *
The killer bee misses you. The killer bee stings you!
You die...

###########
#.........#
#.#######.#
#..†......# ###
####.#######.# #..
#........###.###.#
#.##.###..........
#y##.# #####....##
#@##>#######.....#
#y##............##
#g##.........#.##
#)############.#
#.# #.# #.###
##'## #...#
##...## ###.##
##.....# #..##
##.......


You could see 2 killer bees and a goblin.

Vanquished Creatures
  A necrophage (D:3)
  A scorpion (D:4)
  A killer bee (D:3)
  A jelly (D:4)
  An iguana (D:3)
  Robin (D:2)
  4 gnolls
  6 adders
  3 dart slugs
  3 orcs (D:3)
  7 endoplasms
  2 giant cockroaches
  13 goblins
  6 hobgoblins
  2 jackals (D:1)
  4 quokkas
  4 ball pythons
  3 bats
  6 frilled lizards
  7 kobolds
  5 rats
81 creatures vanquished.

Notes
Turn   | Place    | Note
-------+----------+-------------------------------------------
     0 | D:1      | kingofthe the Octopode Conjurer began the quest for the
                  | Orb.
     0 | D:1      | Reached XP level 1. HP: 11/11 MP: 3/3
   123 | D:1      | Reached XP level 2. HP: 13/17 MP: 0/5
   142 | D:1      | Learned a level 2 spell: Searing Ray
   647 | D:1      | Reached XP level 3. HP: 21/21 MP: 3/6
  1291 | D:2      | Learned a level 1 spell: Slow
  1503 | D:1      | Reached XP level 4. HP: 5/27 MP: 3/8
  1964 | D:2      | Noticed Robin
  1969 | D:2      | Killed Robin
  2320 | D:3      | Found a radiant altar of Vehumet.
  2431 | D:3      | Found a hazy altar of Hepliaklqana.
  2465 | D:3      | Reached XP level 5. HP: 31/31 MP: 7/9
  2902 | D:3      | Found a glowing golden altar of the Shining One.
  3078 | D:3      | Found a faded altar of an unknown god.
  3203 | D:3      | Found a runed translucent door.
  3204 | D:3      | Noticed Crazy Yiuf
  3282 | D:3      | Reached skill level 1 in Hexes
  3489 | D:3      | Reached XP level 6. HP: 19/36 MP: 5/11
  3877 | D:3      | Mangled by a killer bee

Illustrated notes

Levels and vault maps discovered:
D:1:      dpeg_arrival_tiny_c, layout_basic
D:2:      layout_basic, minmay_fountain_box, hangedman_decor_riveting,
          minmay_lizard_pond, uniq_robin
D:3:      layout_loops_corners, mainiacjoe_overflow_24_doors,
          lemuel_crystal_altar, mainiacjoe_overflow_paths,
          hellmonk_ecumenical_altar_leap_of_faith, minmay_surrounded,
          uniq_crazy_yiuf_cottage
D:4:      layout_cave_pools, nicolae_uskayaw_murder_on_the_dancefloor,
          kennysheep_generic_room_11

Skill      XL: |  1  2  3  4  5 |
---------------+----------------+-----
Stealth        | 3 4 |  4.9
Spellcasting   | 3 |  3.7
Dodging        | 3 |  3.9
Hexes          | 1 |  1.8
Conjurations   | |  4.9

Action                     |  1- 3 |  4- 6 || total
---------------------------+-------+-------++-------
  Melee: Unarmed           |    15 |       ||    15
         Constrict         |     5 |       ||     5
         Tentacles         |     6 |       ||     6
   Cast: Magic Dart        |    50 |    71 ||   121
         Searing Ray       |     3 |    18 ||    21
         Slow              |     1 |    13 ||    14
    Use: Potion            |       |     1 ||     1
 Armour: Skin              |       |     1 ||     1
  Dodge: Dodged            |    23 |    30 ||    53

Table legend: (Time is in decaauts)
 A = Elapsed time spent in this place.
 B = Non-inter-level travel time spent in this place.
 C = Inter-level travel time spent in this place.
 D = Time resting spent in this place.
 E = Time spent auto-exploring this place.
 F = Levels seen in this place.
 G = Mean time per level.
                   A        B        C        D        E       F      G
               +--------+--------+--------+--------+--------+-----+--------+
         Total |   3884 |   3718 |    166 |    620 |   2660 |   4 |  971.0 |
       Dungeon |   3884 |   3718 |    166 |    620 |   2660 |   4 |  971.0 |
               +--------+--------+--------+--------+--------+-----+--------+

Top non-repeatable levels by time:
     D:3: 1524 daAuts
     D:1: 1456 daAuts
     D:2: 829 daAuts
     D:4: 73 daAuts
